Map: Acid Plant LE

Players

Serral - Winner!

  • Race: Zerg Zerg
  • Spawn Location: 11:00

MaSa

  • Race: Terran Terran
  • Spawn Location: 5:00

Event: WCS Leipzig 2018

VOD

Have the link to the VOD?

Description

Time

  • Played on: Jan. 27, 2018, 7:51 a.m.
  • Length: 5:33

All games in this series

Show
View Real Time Build Order
Export as new Build Order

Serral Zerg - Winner!

Build Orders: Hatch First 

Get SALT Encoding   

  12  0:00  Drone  
  13  0:13  Overlord  
  13  0:17  Drone  
  14  0:31  Drone x2  
  16  0:49  Hatchery  
  15  0:51  Drone  
  15  0:55  Drone  
  17  1:09  Spawning Pool  
  16  1:11  Extractor  
  16  1:13  Drone  
  16  1:17  Drone  
  17  1:20  Drone  
  18  1:29  Drone  
  19  1:41  Overlord  
  19  1:53  Drone  
  20  1:56  Queen  
  20  2:01  Zergling x2, Queen  
  23  2:02  Zergling x2  
  26  2:10  Metabolic Boost  
  26  2:13  Drone x2  
  28  2:24  Zergling x4  
  28  2:27  Spine Crawler  
  29  2:32  Spine Crawler  
  28  2:39  Overlord  
  28  2:49  Roach Warren  
  26  2:59  Zergling x4  
  24  3:07  Zergling x2  
  23  3:12  Drone  
  23  3:14  Drone  
  23  3:18  Drone  
  25  3:40  Roach  
  25  3:41  Roach x2  
  29  3:47  Roach  
  31  3:49  Roach  
  31  3:54  Roach  
  35  4:00  Overlord  
  35  4:23  Ravager  
  36  4:24  Ravager  
  36  4:32  Drone x7  
  36  4:36  Overlord  
  43  4:43  Overlord  
  43  4:57  Roach x3  
  49  5:05  Roach  
  48  5:11  Roach  
Show
View Real Time Build Order
Export as new Build Order

MaSa Terran 

Build Orders:  

Get SALT Encoding   

  12  0:00  SCV  
  13  0:15  Supply Depot  
  13  0:36  Barracks  
  13  0:46  Barracks  
  13  1:01  Barracks  
  13  1:07  SCV  
  14  1:23  Marine  
  15  1:27  Barracks  
  15  1:33  Marine  
  16  1:41  Marine  
  17  1:47  Marine  
  17  1:51  Marine  
  19  1:54  Supply Depot  
  19  1:59  Marine  
  20  2:05  Marine  
  21  2:08  Marine  
  21  2:13  Marine  
  23  2:17  Marine  
  24  2:23  Marine  
  24  2:28  Marine  
  26  2:34  Marine  
  27  2:40  Supply Depot  
  27  2:47  Marine  
  28  2:58  SCV  
  29  2:59  Marine  
  23  3:06  Marine  
  23  3:09  Marine  
  23  3:17  Marine  
  20  3:23  Orbital Command  
  20  3:30  Marine  
  20  3:33  Marine  
  22  3:40  Marine  
  21  3:42  Marine  
  21  3:48  Marine  
  22  3:50  Marine  
  24  3:58  Marine  
  24  4:00  Marine  
  26  4:06  Marine  
  26  4:08  Marine  
  27  4:15  Marine  
  28  4:17  SCV  
  28  4:18  Marine  
  30  4:27  Marine x2  
  32  4:33  Supply Depot  
  32  4:39  Marine  
  32  4:41  Marine  
  34  4:50  Marine  
  35  4:54  Marine  
  33  5:07  Marine  
Tags
 
Add a new tag
Caveats
  • Supply blocks, unpowered buildings, or Contaminate may cause inaccurate times.
  • Supply counts are checked every 10 seconds.